 Dungeon Crawl Stone Soup version 0.30-a0-777-ga9a30cbeda (webtiles) character file.

Game seed: 14681376118440588328

140 Newt the Shooter (level 5, -5/35 HPs)
             Began as a Kobold Hunter on Feb 14, 2023.
             Slain by a kobold
             ... wielding a +2 dagger of electrocution
              (8 damage)
             ... on level 3 of the Dungeon.
             The game lasted 00:02:02 (2254 turns).

Newt the Shooter (Kobold Hunter)                    Turns: 2254, Time: 00:02:02

Health: -5/35      AC: 22    Str:  8    XL:     5   Next: 46%
Magic:  5/5        EV: -5    Int: 13    God:
Gold:   91         SH:  0    Dex: 21    Spells: 4/4 levels left

rFire   . . .      SeeInvis .    a - +0 shortbow
rCold   . . .      Faith    .    (shield currently unavailable)
rNeg    . . .      Spirit   .    g - +8 orange crystal plate armour {Archmagi, Int+3 Clar}
rPois   .          Reflect  .    (no helmet)
rElec   .          Harm     .    (no cloak)
rCorr   .          Rampage  .    (no gloves)
Will    .....      Archmagi +    (no boots) Stlth Clarity +
                                 (no amulet)
HPRegen 0.25/turn                (no ring)
MPRegen 0.09/turn                (no ring)

@: no status effects
A: small, no large weapons, nightstalker 3
a: no special abilities


You were on level 3 of the Dungeon.
You visited 1 branch of the dungeon, and saw 3 of its levels.

You collected 91 gold pieces.

Inventory:

Hand Weapons
 a - a +0 shortbow (weapon)
Armour
 c - a +1 leather armour
 g - the +8 orange crystal plate armour (worn) {Archmagi, Int+3 Clar}
   (You acquired it on level 3 of the Dungeon)

   Int:       It affects your intelligence (+3).
   Clar:      It protects you against confusion.
Scrolls
 b - 2 scrolls of immolation
Potions
 d - 2 potions of curing
 e - a potion of cancellation
 f - 2 potions of might
 h - a potion of resistance
 i - a potion of haste {unknown}
 k - a potion of invisibility {unknown}
 l - 2 potions of degeneration {unknown}


   Skills:
 - Level 5.0 Fighting
 + Level 6.4 Ranged Weapons
 - Level 2.4 Dodging
 - Level 1.3 Stealth


You had 4 spell levels left.
You didn't know any spells.
Your spell library contained the following spells:

 Spells                   Type           Power      Damage    Failure   Level
 Necrotise                Necr           0%         1d4       100%        1
 Vampiric Draining        Necr           0%         2d6       100%        3
 Agony                    Necr           0%         N/A       100%        5


Dungeon Overview and Level Annotations

Branches:
Dungeon (3/15)

Altars:

Shops:
D:1 !


Innate Abilities, Weirdness & Mutations

You are small and have problems with some larger weapons.
You are completely attuned to the shadows.


Message History

As you read the scroll of identify, it crumbles to dust.
h - a potion of resistance This is a scroll of acquirement!
Something appears at your feet!
g - the +8 orange crystal plate armour {Archmagi, Int+3 Clar} You start removing your armour.
You continue taking off your +1 leather armour. x4
You finish taking off your +1 leather armour.
You start putting on your armour.
You continue putting on the +8 orange crystal plate armour {Archmagi, Int+3 Clar}. x5
You finish putting on the +8 orange crystal plate armour {Archmagi, Int+3 Clar}.
You feel strangely lacking in power.
You feel clever.
You see here a staff of cold.
Found a short sword.
A kobold comes into view. It is wielding a +0 short sword.
You shoot an arrow. The arrow barely misses the kobold.
The kobold shouts!
A kobold is nearby!
You shoot an arrow. The arrow hits the kobold.
The kobold is heavily wounded.
The kobold drinks a potion.
The kobold is healed!
The kobold hits you but does no damage.
The kobold hits you with a +0 short sword.
A kobold comes into view.
It is wielding a +2 dagger of electrocution.
You shoot an arrow.
The arrow hits the kobold but does no damage.
The kobold hits you but does no damage. x3
You shoot an arrow.
The arrow hits the kobold but does no damage.
The kobold hits you but does no damage. x6
You shoot an arrow. The arrow misses the kobold.
The kobold hits you but does no damage. x2; You are electrocuted!
The kobold hits you but does no damage. x2; You are electrocuted!
* * * LOW HITPOINT WARNING * * *
The kobold hits you but does no damage.
The kobold hits you with a +2 dagger of electrocution.
* * * LOW HITPOINT WARNING * * *
The kobold hits you but does no damage. x2; You are electrocuted!
You die...

....##.# .
....)...## .#
.......#.## .##
..........###
..##.
.........K...
....
#.....#.@K... .(#
##...##.##..# .##
#..|##.# .# #.#
##...##.# #
.########.......#
.......##.#.###.#
.......##.#.##
.......#...).#
..>.....†.....


You could see 2 kobolds.

Vanquished Creatures
  An iguana (D:3)
  3 adders (D:2)
  A dart slug (D:2)
  5 orcs
  6 endoplasms
  3 giant cockroaches
  5 hobgoblins
  6 jackals
  3 quokkas
  5 ball pythons
  10 bats
  4 frilled lizards
  6 goblins
  9 kobolds
  8 rats
75 creatures vanquished.

Vanquished Creatures (others)
  5 plants (D:1)
5 creatures vanquished.

Grand Total: 80 creatures vanquished

Notes
Turn   | Place    | Note
-------+----------+-------------------------------------------
     0 | D:1      | Newt the Kobold Hunter began the quest for the Orb.
     0 | D:1      | Reached XP level 1. HP: 12/12 MP: 1/1
    99 | D:1      | Reached XP level 2. HP: 18/18 MP: 2/2
   128 | D:1      | Found Caquary's Distillery.
   342 | D:1      | Reached XP level 3. HP: 23/23 MP: 3/3
  1004 | D:2      | Reached XP level 4. HP: 30/30 MP: 4/4
  1394 | D:2      | Reached skill level 5 in Fighting
  1757 | D:2      | Reached XP level 5. HP: 35/35 MP: 5/5
  2210 | D:3      | Reached skill level 6 in Ranged Weapons
  2216 | D:3      | Identified a scroll of acquirement
  2216 | D:3      | Acquired the +8 orange crystal plate armour {Archmagi,
                  | Int+3 Clar}
  2216 | D:3      | Found the +8 orange crystal plate armour {Archmagi, Int+3
                  | Clar}
  2254 | D:3      | Slain by a kobold

Illustrated notes

Levels and vault maps discovered:
D:1:      eino_arrival_druids_welcome, layout_loops_ring, serial_shops,
          nicolae_shop_window_shopping
D:2:      minmay_diamond_boxcup, layout_basic
D:3:      layout_loops_ring, shapermc_ecumenical_altar_petra, uniq_ijyb

Skill      XL: |  1  2  3  4  5 |
---------------+----------------+-----
Fighting       | 3 4 5 |  5.0
Ranged Weapons | 6 |  6.4
Dodging        | |  2.4
Stealth        | |  1.3

Action                     |  1- 3 |  4- 6 || total
---------------------------+-------+-------++-------
   Fire: Shortbow          |   101 |    96 ||   197
    Use: Scroll            |     2 |     6 ||     8
 Armour: Leather armour    |    13 |    18 ||    31
         Crystal plate arm |       |    17 ||    17
  Dodge: Dodged            |    40 |    71 ||   111

Table legend: (Time is in decaauts)
 A = Elapsed time spent in this place.
 B = Non-inter-level travel time spent in this place.
 C = Inter-level travel time spent in this place.
 D = Time resting spent in this place.
 E = Time spent auto-exploring this place.
 F = Levels seen in this place.
 G = Mean time per level.
                   A        B        C        D        E       F      G
               +--------+--------+--------+--------+--------+-----+--------+
         Total |   2318 |   2265 |     53 |    284 |   1610 |   3 |  772.7 |
       Dungeon |   2318 |   2265 |     53 |    284 |   1610 |   3 |  772.7 |
               +--------+--------+--------+--------+--------+-----+--------+

Top non-repeatable levels by time:
     D:2: 1367 daAuts
     D:1: 804 daAuts
     D:3: 146 daAuts
